 Dungeon Crawl Stone Soup version 0.28-a0-32-g8dfe7f97f6 (webtiles) character file.

Game seed: 14296747838943417960

1 willcat the Sneak (level 1, 0/18 HPs)
             Began as a Human Delver on July 27, 2021.
             Slain by a centaur skeleton (1 damage)
             ... on level 6 of the Dungeon.
             The game lasted 00:00:20 (64 turns).

willcat the Sneak (Human Delver)                      Turns: 64, Time: 00:00:20

Health: 0/18       AC:  3    Str: 12    XL:     1   Next: 22%
Magic:  1/1        EV: 12    Int: 10    God:
Gold:   0          SH:  0    Dex: 14    Spells: 0/0 levels left

rFire   . . .      SeeInvis .     - Unarmed
rCold   . . .      Faith    .   (no shield)
rNeg    . . .      Spirit   .   a - +0 leather armour
rPois   .          Reflect  .   (no helmet)
rElec   .          Harm     .   (no cloak)
rCorr   .          Rampage  .   (no gloves)
Will    .....                   (no boots)
Stlth   +++.......              (no amulet)
HPRegen 0.06/turn               (no ring)
MPRegen 0.07/turn               (no ring)

@: hasted, very quick
A: no striking features
a: no special abilities


You were on level 6 of the Dungeon.
You visited 1 branch of the dungeon, and saw 2 of its levels.

Inventory:

Armour
 a - a +0 leather armour (worn)
Wands
 f - a wand of digging (3)
Scrolls
 b - a scroll of fog
 c - a scroll of magic mapping
 d - a scroll of fear
 g - a scroll of vulnerability {unknown}
 h - a scroll of noise {unknown}


   Skills:
 + Level 3.0 Fighting
 + Level 2.0 Dodging
 + Level 5.0 Stealth
 + Level 2.0 Unarmed Combat


You couldn't memorise any spells.
You didn't know any spells.
Your spell library was empty.

Dungeon Overview and Level Annotations

Branches:
Dungeon (6/15)
 Temple: D:4-7

Altars:
Okawaru


Message History

Okay, then.
You feel yourself speed up. The centaur skeleton hits you.
The centaur skeleton kicks you but does no damage.
You hit the centaur skeleton.
The centaur skeleton is lightly damaged.
You hit the centaur skeleton.
The centaur skeleton is moderately damaged.
The centaur skeleton hits you.
The centaur skeleton closely misses you.
You hit the centaur skeleton.
The centaur skeleton is moderately damaged.
The centaur skeleton closely misses you. x2
You hit the centaur skeleton.
The centaur skeleton is heavily damaged.
The centaur skeleton barely misses you. The centaur skeleton kicks you.
You hit the centaur skeleton but do no damage.
The centaur skeleton is heavily damaged.
The centaur skeleton hits you but does no damage.
The centaur skeleton closely misses you.
You hit the centaur skeleton but do no damage.
The centaur skeleton is heavily damaged.
You hit the centaur skeleton.
The centaur skeleton is heavily damaged.
The centaur skeleton hits you.
The centaur skeleton kicks you but does no damage.
You hit the centaur skeleton.
The centaur skeleton is heavily damaged.
The centaur skeleton hits you.
* * * LOW HITPOINT WARNING * * *
The centaur skeleton closely misses you.
You hit the centaur skeleton.
The centaur skeleton is severely damaged.
The centaur skeleton hits you but does no damage.
The centaur skeleton barely misses you.
You hit the centaur skeleton.
The centaur skeleton is severely damaged.
The centaur skeleton hits you.
* * * LOW HITPOINT WARNING * * *
The centaur skeleton kicks you.
You die...

##.# #... ##.# ####
#.#########..##...##
...................
.......<....#.##.## .
....######....#...#..#
# #........=...#
......##..@Z_.....
.....# #.........#
#.... #..#...#..#
#.#.. #..##.## # .....
.... ... ...#.
.####...## .. . .# ..
#..


You could see a centaur skeleton.

Vanquished Creatures
  A quokka (D:5)
1 creature vanquished.

Notes
Turn   | Place    | Note
-------+----------+-------------------------------------------
     0 | D:5      | willcat the Human Delver began the quest for the Orb.
     0 | D:5      | Reached XP level 1. HP: 18/18 MP: 1/1
    25 | D:5      | Noticed a scorpion
    48 | D:6      | Found an iron altar of Okawaru.
    64 | D:6      | Slain by a centaur skeleton

Illustrated notes

Levels and vault maps discovered:
D:5:      layout_rooms, old_standard_altar
D:6:      layout_rooms, okawaru_gym_becter, lemuel_mausoleum_altar_yredelemnul,
          minmay_temple_entry_drinking_statues, serial_shops,
          nicolae_lakefront_shop, st_stairs_8

Action                   || total
-------------------------++-------
Melee: Unarmed           ||    16
  Use: Potion            ||     1
Armor: Leather armour    ||     5
Dodge: Dodged            ||    11

Table legend: (Time is in decaauts)
 A = Elapsed time spent in this place.
 B = Non-inter-level travel time spent in this place.
 C = Inter-level travel time spent in this place.
 D = Time resting spent in this place.
 E = Time spent auto-exploring this place.
 F = Levels seen in this place.
 G = Mean time per level.
                   A        B        C        D        E       F      G
               +--------+--------+--------+--------+--------+-----+--------+
         Total |     60 |     60 |      0 |      0 |      0 |   2 |   30.0 |
       Dungeon |     60 |     60 |      0 |      0 |      0 |   2 |   30.0 |
               +--------+--------+--------+--------+--------+-----+--------+

Top non-repeatable levels by time:
     D:5: 45 daAuts
     D:6: 14 daAuts
